 Dungeon Crawl Stone Soup version 0.21-a0-531-gacddea6 (webtiles) character file.

32 AverageBear the Cutter (level 3, -1/22 HPs)
             Began as a Deep Elf Fighter on Dec 12, 2017.
             Slain by a worm (4 damage)
             ... on level 2 of the Dungeon.
             The game lasted 00:00:57 (1215 turns).

AverageBear the Cutter (Deep Elf Fighter)           Turns: 1215, Time: 00:00:57

Health: -1/22      AC:  6    Str: 14    XL:     3   Next: 8%
Magic:  5/5        EV:  6    Int: 12    God:
Gold:   79         SH:  8    Dex: 14    Spells: 2/2 levels left

rFire    . . .     SeeInvis .   a - +0 rapier
rCold    . . .     Gourm    .   c - +0 shield
rNeg     . . .     Faith    .   b - +0 scale mail
rPois    .         Spirit   .   (no helmet)
rElec    .         Reflect  .   (no cloak)
rCorr    .         Harm     .   (no gloves)
MR       .....                  (no boots)
Stlth    ..........             (no amulet)
HPRegen  0.07/turn              (no ring)
MPRegen  0.09/turn              (no ring)

@: no status effects
A: no striking features
a: no special abilities


You were on level 2 of the Dungeon.
You were not hungry.

You visited 1 branch of the dungeon, and saw 2 of its levels.

You collected 79 gold pieces.

Inventory:

Hand Weapons
 a - a +0 rapier (weapon)
Armour
 b - a +0 scale mail (worn)
 c - a +0 shield (worn)
Jewellery
 j - an uncursed amulet of the gourmand {unknown}
 k - a cursed ring of loudness {unknown}
Scrolls
 e - a scroll of remove curse
 m - a scroll of immolation {unknown}
Potions
 d - a potion of might
 g - a potion of flight {unknown}
 h - 2 potions of magic {unknown}
 n - a potion of haste {unknown}
Comestibles
 f - a bread ration
 i - a fruit
 l - a meat ration


   Skills:
 - Level 2.4 Fighting
 + Level 3.6 Short Blades
 - Level 2.4 Armour
 - Level 2.4 Shields


You had 2 spell levels left.
You didn't know any spells.

Dungeon Overview and Level Annotations

Branches:
Dungeon (2/15)

Altars:


Message History

You are too injured to fight recklessly!
You are too injured to fight recklessly!
You are too injured to fight recklessly!
A worm is nearby!
You are too injured to fight recklessly!
You puncture the worm!
The worm is almost dead.
The worm bites you.
* * * LOW HITPOINT WARNING * * *
Your shield and scale mail prevent you from hitting the worm.
The worm is almost dead.
You hit the worm but do no damage.
The worm is almost dead.
You block the worm's attack.
A kobold comes into view.
Your shield and scale mail prevent you from hitting the worm.
The worm is severely wounded.
The kobold shouts!
The kobold moves out of view.
The worm bites you.
You die...

#.
#..#...#.......#... #
#..#.#.#..######...
.#....#.#...........
###..................
...###.##.......#..
.......>†.........
.###.......#.....
..#.#...#...#.#.
#......@..##..#
##.....w$.# ..
...............
##..#........#
....##......... ...
........#. ..
....#.....
...#...#...


You could see a worm.

Vanquished Creatures
  3 dart slugs
  A giant cockroach (D:2)
  4 hobgoblins
  3 jackals (D:1)
  2 kobolds
  4 bats
  2 goblins (D:1)
  7 rats
26 creatures vanquished.

Notes
Turn   | Place    | Note
-------+----------+-------------------------------------------
     0 | D:1      | AverageBear the Deep Elf Fighter began the quest for the Orb.
     0 | D:1      | Reached XP level 1. HP: 13/13 MP: 3/3
   378 | D:1      | Reached XP level 2. HP: 10/18 MP: 4/4
   387 | D:1      | Reached skill level 3 in Short Blades
  1181 | D:2      | Reached XP level 3. HP: 14/22 MP: 5/5
  1215 | D:2      | Slain by a worm

Vault maps used:
D:1:      kennysheep_arrival_seaside, hex_large
D:2:      lightli_temple_of_fire, serial_co_window_serial, co_window_corner_a,
          co_window_paths_a, co_window_paths_b, co_window_of_opportunity_a,
          co_window_paths_a, co_window_of_opportunity_a, co_window_paths_a,
          co_window_corner_cb, co_window_corner_b, co_window_of_opportunity_b,
          co_window_broadway_c, co_window_4corner_b, co_window_sun,
          glass_columns_a, glass_columns_a

Skill      XL: |  1  2 |
---------------+-------+-----
Short Blades   | 3 |  3.6
Fighting       | |  2.4
Armour         | |  2.4
Shields        | |  2.4

Action                   || total
-------------------------++-------
Melee: Rapier            ||    90
  Use: Scroll            ||     3
  Eat: Chunk             ||     1
Armor: Scale mail        ||    50
Dodge: Dodged            ||    40
Block: Shield            ||    44

Table legend:
 A = Spawn XP
 B = Non-spawn XP
 C = Spawn XP percentage of total XP
 D = Spawn monster count
 E = Non-spawn monster count
 F = Spawn count percentage of total count
 G = Total turns spent on level
                    A         B        C        D         E        F      G
               +---------+---------+-------+---------+---------+-------+---------
         Total |       0 |      46 |   0.0 |       0 |      26 |   0.0 |  1215
               +---------+---------+-------+---------+---------+-------+---------
           D:1 |       0 |      32 |   0.0 |       0 |      18 |   0.0 |  1067
           D:2 |       0 |      14 |   0.0 |       0 |       8 |   0.0 |   148
               +---------+---------+-------+---------+---------+-------+---------
